 Dungeon Crawl Stone Soup version 0.29-a0-1047-g7c58e119a4 (webtiles) character file.

Game seed: 12058240616385807930

778 Manisian the Covert (level 7, -4/33 HPs)
             Began as a Spriggan Enchanter on Aug 15, 2022.
             Was an Initiate of Dithmenos.
             Slain by an ice beast (6 damage)
             ... on level 5 of the Dungeon on Aug 16, 2022.
             The game lasted 00:14:22 (5379 turns).

Manisian the Covert (Spriggan Enchanter)            Turns: 5379, Time: 00:14:23

Health: -4/33      AC:  4    Str:  8    XL:     7   Next: 54%
Magic:  1/14       EV: 18    Int: 25    God:    Dithmenos [......]
Gold:   324        SH:  0    Dex: 17    Spells: 6/14 levels left

rFire   x . .      SeeInvis +   g - +0 dagger (speed)
rCold   . . .      Faith    .   (no shield)
rNeg    . . .      Spirit   .   b - +0 robe
rPois   .          Reflect  .   (helmet restricted)
rElec   .          Harm     .   j - +1 cloak
rCorr   .          Rampage  .   (gloves unavailable)
Will    +....                   (boots unavailable)
Stlth   ++++......              (no amulet)
HPRegen 0.11/turn               d - ring "Korof" {+Blink rF- Str+4 Int+6 Dex+2}
MPRegen 0.14/turn               (no ring)

@: very quick
A: very small, no large weapons, unfitting armour, see invisible, speed 3
a: Renounce Religion, Evoke Blink


You were on level 5 of the Dungeon.
You worshipped Dithmenos.
Dithmenos was noncommittal.
You visited 1 branch of the dungeon, and saw 5 of its levels.

You collected 324 gold pieces.

Inventory:

Hand Weapons
 a - a +1 dagger
 g - a +0 dagger of speed (weapon)
Missiles
 e - 41 stones (quivered)
 m - 8 poisoned darts
Armour
 b - a +0 robe (worn)
 j - a +1 cloak (worn)
Jewellery
 d - the ring "Korof" (left hand) {+Blink rF- Str+4 Int+6 Dex+2}
   (You acquired it on level 1 of the Dungeon)

   [ring of intelligence]

   Str:       It affects your strength (+4).
   Int:       It affects your intelligence (+6).
   Dex:       It affects your dexterity (+2).
   rF:        It makes you vulnerable to fire.
   +Blink:    It lets you blink.
 o - a +4 ring of evasion
Wands
 l - a wand of iceblast (8)
Scrolls
 r - a scroll of enchant weapon {unknown}
Potions
 c - 2 potions of degeneration {unknown}
 f - 2 potions of heal wounds
 h - 2 potions of haste
 i - 2 potions of cancellation
 k - 3 potions of curing
 n - a potion of resistance {unknown}
 p - a potion of magic {unknown}
 q - a potion of flight {unknown}
 s - a potion of might {unknown}


   Skills:
 - Level 1.0 Fighting
 + Level 5.3 Short Blades
 - Level 4.0 Dodging
 - Level 8.0 Stealth
 - Level 4.0 Spellcasting
 - Level 5.0 Hexes
 - Level 2.0 Ice Magic


You had 6 spell levels left.
You knew the following spells:

 Your Spells              Type           Power      Damage    Failure   Level
a - Ensorcelled Hibernat  Hex/Ice        44%        N/A       3%          2
b - Confusing Touch       Hex            30%        N/A       3%          3
c - Dazzling Flash        Conj/Hex       34%        N/A       10%         3

Your spell library contained the following spells:

 Spells                   Type           Power      Damage    Failure   Level
 Tukima's Dance           Hex            30%        N/A       3%          3
 Portal Projectile        Hex/Tloc       34%        N/A       10%         3
 Frozen Ramparts          Ice            30%        1d5       12%         3
 Call Canine Familiar     Summ           5%         N/A       26%         3
 Gell's Gravitas          Tloc           5%         N/A       26%         3
 Lesser Beckoning         Tloc           5%         N/A       26%         3
 Teleport Other           Tloc           5%         N/A       26%         3
 Leda's Liquefaction      Hex/Erth       8%         N/A       32%         4
 Ice Form                 Ice/Tmut       10%        N/A       52%         4
 Summon Ice Beast         Ice/Summ       10%        N/A       52%         4


Dungeon Overview and Level Annotations

Branches:
Dungeon (5/15)             Temple (0/1) D:4

Altars:
Dithmenos

Shops:
D:2 ((?=*

Annotations:
D:3 2 transporters


Innate Abilities, Weirdness & Mutations

You are very small and have problems with some larger weapons.
You are too small for most types of armour.
You have supernaturally acute eyesight. (SInv)
You cover ground extremely quickly. (Speed+++)


Message History

You perforate the scorpion like a sieve!!!
You kill the scorpion!
Dithmenos accepts your kill.
Your Short Blades skill increases to level 5!
An ice beast comes into view.
The ice beast misses you.
Casting: Ensorcelled Hibernation (safe; 3% risk of failure)
Confirm with . or Enter, or press ? or * to list all spells.
Aiming: Ensorcelled Hibernation (safe; 3% risk of failure)
Press: ? - help, Shift-Dir - straight line, f - orc priest
Aim: an orc priest, wielding a +0 short sword (wandering, hasn't noticed you, chance to affect: 54%)
Okay, then.
Casting: Ensorcelled Hibernation (safe; 3% risk of failure)
Confirm with . or Enter, or press ? or * to list all spells.
Your hands begin to glow red.
The orc priest shouts!
The ice beast hits you. The ice beast freezes you!
The orc priest calls down the wrath of Beogh upon you.
Pain shoots through your body!
You hit the ice beast but do no damage.
The ice beast appears confused.
You hit the ice beast.
The ice beast is lightly wounded.
The orc priest calls down the wrath of Beogh upon you.
Pain shoots through your body!
* * * LOW HITPOINT WARNING * * *
Casting: Confusing Touch (dangerous; 3% risk of failure)
Confirm with . or Enter, or press ? or * to list all spells.
Aiming: Ensorcelled Hibernation (safe; 3% risk of failure)
Press: ? - help, Shift-Dir - straight line, f - orc priest
Aim: an orc priest, wielding a +0 short sword (chance to affect: 54%)
The orc priest resists with significant effort.
Casting: Ensorcelled Hibernation (safe; 3% risk of failure)
Confirm with . or Enter, or press ? or * to list all spells.
Aiming: Ensorcelled Hibernation (safe; 3% risk of failure)
Press: ? - help, Shift-Dir - straight line, f/p - orc priest
Aim: an orc priest, wielding a +0 short sword (chance to affect: 54%)
The orc priest looks drowsy...
The ice beast hits you.
* * * LOW HITPOINT WARNING * * *
The ice beast freezes you.
You die...

##.###.# .# .#
###...##.##.# .####
............#######....+
###...#...#...)...<.#
...........###..##..#
.###.............##.# .#
#.#.......###.##.# .#
#<##.....##..Y...#
.###.##.....#...@#..#
...........)#.o..#.##
####.#...####...## # #
#.#..## ..### #
#.##.#.... ####.##.#...
.....# ... ###### #s #


You could see an ice beast (confused) and an orc priest (asleep).

Vanquished Creatures
  Grinder (D:3)
  An ogre (D:4)
  A phantom (D:5)
  A scorpion (D:5)
  2 hounds (D:4)
  2 iguanas (D:5)
  Jessica (D:2)
  Ijyb (D:3)
  3 gnolls (D:4)
  4 adders
  An ufetubus (D:5)
  8 worms
  2 dart slugs (D:3)
  4 orcs
  5 bats
  10 endoplasms
  A giant cockroach (D:4)
  7 goblins
  6 hobgoblins
  8 jackals
  5 kobolds
  5 ball pythons
  2 frilled lizards
  10 rats
91 creatures vanquished.

Notes
Turn   | Place    | Note
-------+----------+-------------------------------------------
     0 | D:1      | Manisian the Spriggan Enchanter began the quest for the
                  | Orb.
     0 | D:1      | Reached XP level 1. HP: 9/9 MP: 5/5
    70 | D:1      | Reached XP level 2. HP: 12/13 MP: 6/6
   102 | D:1      | Learned a level 2 spell: Ensorcelled Hibernation
   334 | D:1      | Found a faded altar of an unknown god.
   729 | D:1      | Reached skill level 5 in Stealth
  1320 | D:1      | Identified a scroll of acquirement
  1320 | D:1      | Acquired the ring "Korof" {+Blink rF- Str+4 Int+6 Dex+2}
  1360 | D:2      | Found Plog's Jewellery Shop.
  1386 | D:2      | Reached XP level 3. HP: 6/16 MP: 1/8
  1890 | D:2      | Found Kokiu's Antique Weapon Boutique.
  1981 | D:2      | Found Edghegh's Magic Scroll Emporium.
  1985 | D:2      | Noticed Jessica
  1988 | D:2      | Killed Jessica
  1989 | D:2      | Reached XP level 4. HP: 21/21 MP: 9/9
  2125 | D:2      | Found Piarifog's Assorted Antiques.
  2272 | D:2      | Found Owoihu's Weapon Boutique.
  2793 | D:3      | Noticed Ijyb
  2800 | D:3      | Killed Ijyb
  2801 | D:3      | Reached skill level 6 in Stealth
  2853 | D:3      | Noticed Grinder
  2863 | D:3      | Found a shadowy altar of Dithmenos.
  2871 | D:3      | Became a worshipper of Dithmenos the Shadowed
  2910 | D:3      | Reached XP level 5. HP: 21/25 MP: 4/11
  2933 | D:3      | Upgraded the game from 0.29-a0-1043-g569b05d6ff to
                  | 0.29-a0-1047-g7c58e119a4
  2943 | D:3      | Killed Grinder
  2944 | D:3      | Reached skill level 7 in Stealth
  2944 | D:3      | Reached skill level 1 in Ice Magic
  2944 | D:3      | Reached XP level 6. HP: 17/29 MP: 8/13
  2948 | D:3      | Learned a level 3 spell: Confusing Touch
  2952 | D:3      | Learned a level 3 spell: Dazzling Flash
  3256 | D:3      | Found a transporter.
  3364 | D:3      | Found a transporter.
  3684 | D:4      | Reached skill level 8 in Stealth
  4127 | D:4      | Found a staircase to the Ecumenical Temple.
  4162 | D:4      | Reached * piety under Dithmenos
  4314 | D:4      | Reached XP level 7. HP: 32/32 MP: 5/14
  4797 | D:5      | Entered Level 5 of the Dungeon
  5098 | D:5      | Reached skill level 5 in Hexes
  5162 | D:4      | Reached skill level 1 in Fighting
  5370 | D:5      | Reached skill level 5 in Short Blades
  5379 | D:5      | Slain by an ice beast

Illustrated notes

Levels and vault maps discovered:
D:1:      lightli_arrival_isolated_outpost, layout_basic,
          ebering_ecumenical_altar_mist, minivault_4, minmay_nonomino_d4
D:2:      layout_loops_ring, serial_shops, shop, nicolae_shop_behind_doors,
          shop, nicolae_shop_statue_plus, nicolae_shop_hallway_stairs,
          nicolae_wormholes, uniq_jessica
D:3:      gammafunk_steamed_eel, layout_basic, mainiacjoe_overflow_alcove_1,
          nrook_mini_backslash, kennysheep_flooded_box, uniq_ijyb, uniq_grinder
D:4:      layout_gridville, minmay_temple_entry_statues_fountains
D:5:      layout_loops_corners, serial_shops, nicolae_lakefront_shop,
          chequers_serial_rivers_small_a, minmay_bent

Skill      XL: |  1  2  3  4  5  6  7 |
---------------+----------------------+-----
Dodging        | 3 4 |  4.0
Hexes          | 4 5 |  5.0
Stealth        | 5 6 7 8 |  8.0
Spellcasting   | 3 4 |  4.0
Short Blades   | 2 3 5 |  5.3
Ice Magic      | 1 2 |  2.0
Fighting       | 1 |  1.0

Action                   |  1- 3 |  4- 6 |  7- 9 || total
-------------------------+-------+-------+-------++-------
Melee: Dagger            |    97 |    72 |    62 ||   231
       Punch             |     1 |       |       ||     1
 Cast: Ensorcelled Hiber |    25 |    24 |    18 ||    67
       Confusing Touch   |       |       |     3 ||     3
  Use: Potion            |     1 |     1 |       ||     2
       Scroll            |     5 |     2 |     4 ||    11
 Stab: Invisible         |     2 |     3 |       ||     5
       Sleeping          |    18 |    28 |     7 ||    53
       Distracted        |     2 |     1 |       ||     3
       Confused          |       |       |     3 ||     3
Armor: Robe              |     7 |     3 |     3 ||    13
Dodge: Dodged            |    54 |    28 |    57 ||   139

Table legend: (Time is in decaauts)
 A = Elapsed time spent in this place.
 B = Non-inter-level travel time spent in this place.
 C = Inter-level travel time spent in this place.
 D = Time resting spent in this place.
 E = Time spent auto-exploring this place.
 F = Levels seen in this place.
 G = Mean time per level.
                   A        B        C        D        E       F      G
               +--------+--------+--------+--------+--------+-----+--------+
         Total |   3925 |   3848 |     77 |    216 |   2938 |   5 |  785.0 |
       Dungeon |   3925 |   3848 |     77 |    216 |   2938 |   5 |  785.0 |
               +--------+--------+--------+--------+--------+-----+--------+

Top non-repeatable levels by time:
     D:2: 1062 daAuts
     D:4: 1004 daAuts
     D:1: 973 daAuts
     D:3: 632 daAuts
     D:5: 252 daAuts
